 Dungeon Crawl Stone Soup version 0.29.0-4-gdea44cf6ec (webtiles) character file.

Game seed: 18287385542837966008

3230 qw the Cleaver (level 9, -8/57 HPs)
             Began as a Gargoyle Fighter on Sept 9, 2022.
             Was an Initiate of Okawaru.
             Mangled by a skeletal warrior
             ... wielding a +0 battleaxe
              (11 damage)
             ... on level 8 of the Dungeon.
             The game lasted 00:03:37 (9363 turns).

qw the Cleaver (Gargoyle Fighter)                   Turns: 9363, Time: 00:03:37

Health: -8/57      AC: 21    Str: 24    XL:     9   Next: 98%
Magic:  9/9        EV:  7    Int:  9    God:    Okawaru [......]
Gold:   341        SH:  4    Dex:  9    Spells: 8/8 levels left

rFire   . . .      SeeInvis .   Y - +2 war axe
rCold   . . .      Faith    .   c - +0 buckler
rNeg    + . .      Spirit   .   e - +0 plate armour
rPois   inf        Reflect  .   q - +0 helmet
rElec   +          Harm     .   (no cloak)
rCorr   .          Rampage  .   (no gloves)
Will    .....                   a - +0 pair of boots
Stlth   ..........              (no amulet)
HPRegen 0.19/turn               (no ring)
MPRegen 0.11/turn               (no ring)

@: about to teleport
A: sickness immunity, AC +6, negative energy resistance 1, electricity
resistance, torment resistance 1, petrification resistance
a: Renounce Religion


You were on level 8 of the Dungeon.
You worshipped Okawaru.
Okawaru was noncommittal.
You visited 2 branches of the dungeon, and saw 9 of its levels.
You also visited: Sewer.

You collected 341 gold pieces.


Innate Abilities, Weirdness & Mutations

You are immune to sickness and miasma.
Your stone body is resilient. (AC +6)
You are immune to poison.
You resist negative energy. (rN+)
You are resistant to electric shocks. (rElec)
You are resistant to unholy torment.
You are immune to petrification.


   Skills:
 + Level 7.3 Fighting
 - Level 10.0 Axes
 - Level 2.0 Throwing
 - Level 6.1 Armour
 - Level 1.2 Dodging
 - Level 4.1 Shields


You had 8 spell levels left.
You didn't know any spells.
Your spell library was empty.

Inventory:

Hand Weapons
 i - a +2 flail of holy wrath
 Y - a +2 war axe (weapon)
Missiles
 g - a silver boomerang (quivered)
 r - 4 boomerangs of dispersal
 u - 3 boomerangs
Armour
 a - a +0 pair of boots (worn)
 c - a +0 buckler (worn)
 e - a +0 plate armour (worn)
 q - a +0 helmet (worn)
Scrolls
 b - 3 scrolls of teleportation
 l - a scroll of identify
 n - a scroll of fog
Potions
 d - 4 potions of might
 f - 3 potions of haste
 h - a potion of cancellation
 j - a potion of attraction {unknown}
 k - a potion of berserk rage {unknown}
 m - a potion of lignification {unknown}
 o - 2 potions of curing
 p - a potion of heal wounds {unknown}
 t - a potion of flight {unknown}

Dungeon Overview and Level Annotations

Branches:
Dungeon (8/15)             Temple (1/1) D:7           Sewer (visited)
   Lair: D:8-11

Altars:
Ashenzari
Cheibriados
Dithmenos
Fedhas
Gozag
Kikubaaqudgha
Makhleb
Nemelex Xobeh
Okawaru
Qazlal
Ru
Sif Muna
Uskayaw
Vehumet
Wu Jian
Xom
Yredelemnul
Zin
The Shining One

Annotations:
D:3 2 runed translucent doors


Message History

You closely miss the white imp.
The white imp is almost dead.
You closely miss the skeletal warrior. You barely miss the bullfrog.
The bullfrog hits you but does no damage.
You block the white imp's attack.
The skeletal warrior hits you with a +0 battleaxe!
The bullfrog barely misses you.
You closely miss the white imp.
The white imp is almost dead.
You hit the skeletal warrior but do no damage.
You slash the bullfrog!
You kill the bullfrog!
Okawaru accepts your kill. The white imp gestures at you.
The puff of frost hits you but does no damage.
The skeletal warrior hits you with a +0 battleaxe.
You slash the white imp!
You kill the white imp!
Okawaru accepts your kill.
You hit the skeletal warrior but do no damage.
A gnoll bouda comes into view. It is wielding a +0 club.
The skeletal warrior hits you with a +0 battleaxe.
You hit the skeletal warrior but do no damage.
The skeletal warrior hits you with a +0 battleaxe.
You hit the skeletal warrior but do no damage.
The skeletal warrior hits you with a +0 battleaxe!
The skeletal warrior closely misses you.
9360 ||| READING 4 scrolls of teleportation.
As you read the scroll of teleportation, it crumbles to dust.
You feel strangely unstable.
The skeletal warrior hits you with a +0 battleaxe.
You hit the skeletal warrior but do no damage.
The skeletal warrior hits you but does no damage.
You closely miss the skeletal warrior.
The skeletal warrior hits you but does no damage.
You hit the skeletal warrior but do no damage.
You hit the gnoll bouda but do no damage.
The gnoll bouda hits you but does no damage.
The skeletal warrior hits you with a +0 battleaxe!
You die...

#......#. #.
.......# ..#
......$#...
#.....#...#
#....#...#.
+..........
#.zg)......
#@## .....#
#..#......+
+..#......#
##.#......#
#.##.....#
#..#.....#
#..#.....# .
+..'.....#
....####<....#


You could see a skeletal warrior and a gnoll bouda.

Vanquished Creatures
  Sigmund (D:5)
  A wyvern (D:8)
  Eustachio (D:6)
  A sky beast (D:6)
  2 orc warriors
  2 ice beasts
  A black bear (D:5)
  6 kobold brigands
  A phantom (D:6)
  7 bullfrogs
  2 necrophages
  A gnoll sergeant (D:5)
  2 scorpions (D:5)
  4 howler monkeys
  2 jellies
  2 orc priests
  4 hounds
  Jessica (D:2)
  An iguana (D:6)
  10 orc wizards
  3 gnolls (D:5)
  10 adders
  A white imp (D:8)
  6 worms
  3 dart slugs
  30 orcs
  11 endoplasms
  8 giant cockroaches
  4 goblins
  8 hobgoblins
  6 jackals
  14 kobolds
  8 quokkas
  14 ball pythons
  6 bats
  5 frilled lizards
  13 rats
202 creatures vanquished.

Vanquished Creatures (others)
  6 fungi
  2 plants (D:1)
  3 toadstools (D:3)
11 creatures vanquished.

Grand Total: 213 creatures vanquished

Notes
Turn   | Place    | Note
-------+----------+-------------------------------------------
     0 | D:1      | qw the Gargoyle Fighter began the quest for the Orb.
     0 | D:1      | Reached XP level 1. HP: 14/14 MP: 1/1
     0 | D:1      | 0 ||| qw: Version: 0.1-a-113-g051387a
     0 | D:1      | 0 ||| qw: Game counter: 6940
     0 | D:1      | 0 ||| qw: Always use a shield: true
     0 | D:1      | 0 ||| qw: God list: Okawaru
     0 | D:1      | 0 ||| qw: Allow faded altars: false
     0 | D:1      | 0 ||| qw: Do Orc after D:15 true
     0 | D:1      | 0 ||| qw: Do second Lair branch before Depths: true
     0 | D:1      | 0 ||| qw: Lair rune preference: random
     0 | D:1      | 0 ||| qw: Plans: Normal, Zot, God:TSO, Crypt, Tomb, Zig,
                  | Orb
     0 | D:1      | 0 ||| PLANNING D:1-11
    44 | D:1      | Reached skill level 2 in Axes
   223 | D:1      | Reached XP level 2. HP: 19/19 MP: 2/2
   225 | D:1      | 225 ||| Stepping ~*~*~tactically~*~*~ (stealth).
   528 | D:1      | 528 ||| Stepping ~*~*~tactically~*~*~ (stealth).
   612 | D:1      | Found a faded altar of an unknown god.
   749 | D:1      | Reached skill level 3 in Axes
   916 | D:1      | 916 ||| DROPPING ring of flight.
   917 | D:1      | 917 ||| READING scroll labelled VULIMU WAEQEI.
   918 | D:1      | 918 ||| READING scroll labelled CALEIKHA MUOMN.
   919 | D:1      | 919 ||| READING scroll labelled VITYSURIPT.
   969 | D:2      | Reached XP level 3. HP: 23/23 MP: 3/3
  1284 | D:2      | Noticed Jessica
  1289 | D:2      | Killed Jessica
  1290 | D:2      | Reached XP level 4. HP: 20/28 MP: 4/4
  1413 | D:2      | 1413 ||| Stepping ~*~*~tactically~*~*~ (hiding).
  1683 | D:2      | Reached skill level 4 in Axes
  1937 | D:2      | Reached XP level 5. HP: 18/32 MP: 5/5
  2553 | D:2      | 2553 ||| UPGRADING to +0 pair of boots.
  2558 | D:2      | 2558 ||| DROPPING orb of mayhem.
  2559 | D:2      | 2559 ||| DROPPING orb of energy.
  2560 | D:2      | 2560 ||| UPGRADING to amulet of guardian spirit.
  2565 | D:2      | 2565 ||| READING scroll labelled BYON VIMEUFE.
  2566 | D:2      | 2566 ||| READING scroll labelled GOIMPU VIJECYI.
  2784 | D:3      | 2784 ||| DROPPING +0 club.
  2815 | D:3      | Reached skill level 5 in Axes
  3037 | D:3      | Found a large runed translucent door.
  3037 | D:3      | Found a large runed translucent door.
  3039 | D:3      | Found a shimmering altar of Xom.
  3189 | D:3      | 3189 ||| Stepping ~*~*~tactically~*~*~ (stealth).
  3255 | D:3      | Found a shimmering altar of Xom.
  3255 | D:3      | Found a radiant altar of Vehumet.
  3523 | D:3      | 3523 ||| UPGRADING to +0 helmet.
  3528 | D:3      | 3528 ||| READING scroll labelled CIG RIER NOMU.
  3529 | D:3      | 3529 ||| READING scroll labelled BOEF SIQUPT.
  3530 | D:3      | 3530 ||| READING scroll labelled BUCIMU AMPISK.
  3531 | D:3      | 3531 ||| DRINKING 2 white potions.
  3532 | D:3      | 3532 ||| READING 2 scrolls of identify.
  3532 | D:3      | 3532 ||| IDENTIFYING amethyst potion
  3538 | D:4      | 3538 ||| PLANNING SEWER
  3626 | D:4      | 3626 ||| READING scroll of enchant weapon.
  3626 | D:4      | 3626 ||| ENCHANTING +1 war axe.
  3650 | D:4      | Found a shadowy altar of Dithmenos.
  3812 | D:4      | Reached XP level 6. HP: 38/38 MP: 6/6
  3857 | D:4      | Reached skill level 1 in Dodging
  3876 | D:4      | 3876 ||| Stepping ~*~*~tactically~*~*~ (stealth).
  3969 | D:4      | Found a glowing drain.
  3993 | D:4      | 3993 ||| UPGRADING to +0 chain mail.
  4003 | D:4      | 4003 ||| DROPPING +0 scale mail.
  4004 | D:4      | 4004 ||| READING scroll labelled DOEPPI SEAJARO.
  4096 | Sewer    | Entered a sewer
  4315 | Sewer    | 4315 ||| Stepping ~*~*~tactically~*~*~ (water).
  4369 | Sewer    | Reached skill level 6 in Axes
  4369 | Sewer    | Reached XP level 7. HP: 24/43 MP: 4/7
  4573 | Sewer    | 4573 ||| Stepping ~*~*~tactically~*~*~ (water).
  4944 | Sewer    | 4944 ||| Stepping ~*~*~tactically~*~*~ (water).
  5068 | Sewer    | Reached skill level 7 in Axes
  5122 | Sewer    | 5122 ||| READING scroll labelled ATENOT BIMYPE.
  5146 | D:4      | 5146 ||| PLANNING D:1-11
  5652 | D:5      | Entered Level 5 of the Dungeon
  5729 | D:5      | Noticed Sigmund
  5756 | D:5      | Killed Sigmund
  5757 | D:5      | Reached XP level 8. HP: 18/49 MP: 4/8
  6217 | D:5      | Reached skill level 8 in Axes
  6356 | D:5      | 6356 ||| DROPPING +0 whip.
  6574 | D:5      | Identified the +1 dagger of Kisueq {flame, Drain rElec rF+
                  | Dex+2}
  7041 | D:5      | 7041 ||| READING scroll labelled BOPSOSIEPP.
  7042 | D:5      | 7042 ||| READING 3 scrolls of identify.
  7042 | D:5      | 7042 ||| IDENTIFYING yellow potion
  7043 | D:5      | 7043 ||| READING 2 scrolls of identify.
  7043 | D:5      | 7043 ||| IDENTIFYING grey potion
  7044 | D:5      | 7044 ||| DROPPING potion of brilliance.
  7063 | D:6      | Noticed Eustachio
  7066 | D:6      | 7066 ||| STAIRDANCE
  7077 | D:6      | 7077 ||| STAIRDANCE
  7081 | D:6      | 7081 ||| STAIRDANCE
  7088 | D:6      | 7088 ||| STAIRDANCE
  7113 | D:6      | 7113 ||| STAIRDANCE
  7122 | D:6      | 7122 ||| STAIRDANCE
  7194 | D:6      | Killed Eustachio
  7195 | D:6      | Reached skill level 6 in Fighting
  7498 | D:6      | Found a shimmering blue altar of Sif Muna.
  7598 | D:6      | 7598 ||| Stepping ~*~*~tactically~*~*~ (stealth).
  7602 | D:6      | 7602 ||| Stepping ~*~*~tactically~*~*~ (hiding).
  7615 | D:6      | Reached XP level 9. HP: 53/55 MP: 7/9
  7621 | D:6      | Reached skill level 9 in Axes
  7681 | D:6      | Reached skill level 1 in Throwing
  7703 | D:6      | Noticed a +0 dagger
  7703 | D:6      | Noticed a +0 dagger
  7709 | D:6      | Found a hide-covered altar of Uskayaw.
  7834 | D:6      | Found a blossoming altar of Fedhas.
  7935 | D:6      | Identified the +5 dagger "Puilag" {vorpal, rPois Str+2}
  8031 | D:6      | 8031 ||| READING scroll labelled ILUOMI SOATH.
  8032 | D:6      | 8032 ||| DRINKING 2 fizzy white potions.
  8033 | D:6      | 8033 ||| DROPPING potion of invisibility.
  8047 | D:7      | 8047 ||| Stepping ~*~*~tactically~*~*~ (stealth).
  8086 | D:7      | 8086 ||| Stepping ~*~*~tactically~*~*~ (stealth).
  8098 | D:7      | 8098 ||| DROPPING +1 whip of electrocution.
  8411 | D:7      | 8411 ||| Stepping ~*~*~tactically~*~*~ (hiding).
  8449 | D:7      | 8449 ||| Stepping ~*~*~tactically~*~*~ (hiding).
  8491 | D:7      | Found a staircase to the Ecumenical Temple.
  8492 | D:7      | 8492 ||| PLANNING TEMPLE
  8496 | Temple   | Entered the Ecumenical Temple
  8519 | Temple   | Became a worshipper of Warmaster Okawaru
  8520 | Temple   | 8520 ||| REMOVING amulet of guardian spirit.
  8532 | Temple   | 8532 ||| PLANNING D:1-11
  8532 | Temple   | 8532 ||| DROPPING amulet of guardian spirit.
  8692 | D:7      | Found a burning altar of Makhleb.
  8997 | D:7      | 8997 ||| Stepping ~*~*~tactically~*~*~ (stealth).
  9260 | D:7      | 9260 ||| UPGRADING to +0 plate armour.
  9270 | D:7      | 9270 ||| DROPPING +0 chain mail.
  9337 | D:8      | 9337 ||| Stepping ~*~*~tactically~*~*~ (stealth).
  9342 | D:8      | Noticed a skeletal warrior
  9350 | D:8      | Reached skill level 6 in Armour
  9353 | D:8      | Reached skill level 10 in Axes
  9359 | D:8      | HP: 6/57 [skeletal warrior/+0 battleaxe (15)]
  9360 | D:8      | 9360 ||| READING 4 scrolls of teleportation.
  9360 | D:8      | HP: 2/57 [skeletal warrior/+0 battleaxe (4)]
  9363 | D:8      | Mangled by a skeletal warrior

Levels and vault maps discovered:
D:1:      eino_arrival_cavern_d, layout_loops_cross,
          shapermc_ecumenical_altar_acropolis
D:2:      minmay_diamond_boxcup, layout_basic, nicolae_hexahallways,
          uniq_jessica
D:3:      due_chaos_kobolds, layout_loops_ring, nicolae_overflow_two_pavilions,
          hex_tiny, minmay_gold_behind_fungi
D:4:      layout_basic, grunt_dithmenos_smoke_and_mirrors, gup_sewer_entry_pipe
D:5:      layout_layer_cave, uniq_sigmund
D:6:      layout_loops_cross, fedhas_altar_fruit_tree, dancing_weapons_uskayaw,
          lemuel_crystal_altar, uniq_eustachio
D:7:      layout_basic, overflow_temple_1_default,
          minmay_temple_entry_sparse_star, grunt_decor_arrowhead
D:8:      cheibrodos_fzero, layout_gridville, nicolae_island_escapes,
          uniq_prince_ribbit1
Temple:   minmay_temple_bridge_abc

Skill      XL: |  1  2  3  4  5  6  7  8  9 |
---------------+----------------------------+-----
Axes           | 2 3 4 5 6 7 8 10 | 10.0
Fighting       | 4 5 6 7 |  7.3
Dodging        | 1 |  1.2
Armour         | 4 6 |  6.1
Throwing       | 2 |  2.0
Shields        | 4 |  4.1

Action                   |  1- 3 |  4- 6 |  7- 9 || total
-------------------------+-------+-------+-------++-------
Melee: War axe           |   101 |   240 |   370 ||   711
Throw: Boomerang         |       |    25 |    36 ||    61
  Use: Scroll            |     3 |     8 |     6 ||    17
       Potion            |       |     1 |     1 ||     2
Armor: Scale mail        |    45 |    96 |       ||   141
       Chain mail        |       |    43 |   221 ||   264
       Plate armour      |       |       |    26 ||    26
Dodge: Dodged            |    49 |    95 |   105 ||   249
Block: Buckler           |    23 |    46 |    72 ||   141

Table legend:
 A = Non-vault XP
 B = Vault XP
 C = Vault XP percentage of total XP
 D = Non-vault monster count
 E = Vault monster count
 F = Vault count percentage of total count
                 A         B        C        D         E       F
            +---------+---------+-------+---------+---------+-------
      Total |    2993 |    1622 |  35.1 |     149 |      53 |  26.2
            +---------+---------+-------+---------+---------+-------
        D:1 |      31 |       0 |   0.0 |      17 |       0 |   0.0
        D:2 |      63 |      76 |  54.7 |      22 |      10 |  31.2
        D:3 |      94 |       0 |   0.0 |      24 |       0 |   0.0
        D:4 |     251 |      14 |   5.3 |      27 |       7 |  20.6
        D:5 |     538 |     226 |  29.6 |      10 |       1 |   9.1
        D:6 |     735 |     191 |  20.6 |      14 |       1 |   6.7
        D:7 |    1281 |       0 |   0.0 |      35 |       0 |   0.0
        D:8 |       0 |     580 | 100.0 |       0 |       6 | 100.0
      Sewer |       0 |     535 | 100.0 |       0 |      28 | 100.0
            +---------+---------+-------+---------+---------+-------
